 Dungeon Crawl Stone Soup version 0.20.1-1-g8b1a95d (webtiles) character file.

192 Peloso the Shield-Bearer (level 5, -1/49 HPs)
             Began as a Deep Dwarf Fighter on Aug 6, 2017.
             Slain by an orc
             ... wielding a +0 trident
              (2 damage)
             ... on level 3 of the Dungeon.
             The game lasted 00:04:45 (1577 turns).

Peloso the Shield-Bearer (Deep Dwarf Fighter)       Turns: 1577, Time: 00:04:47

Health: -1/49      AC: 10    Str: 20    XL:     5   Next: 42%
Magic:  5/5        EV:  8    Int:  9    God:
Gold:   197        SH: 10    Dex: 15    Spells: 4/4 levels left

rFire    . . .     SeeInvis .   a - +0 long sword
rCold    . . .     Gourm    .   c - +0 shield
rNeg     . . .     Faith    .   b - +0 scale mail
rPois    +         Spirit   .   w - +1 helmet
rElec    .         Reflect  .   (no cloak)
rCorr    .         Harm     .   u - +0 pair of gloves {Dex+3}
MR       .....                  (no boots)
Stlth    ..........             (no amulet)
Regen    0.0/turn               s - ring of poison resistance
MPRegen  0.1/turn               (no ring)

@: non-regenerating
A: damage resistance, heal wounds, sense surroundings 1, no regeneration
a: Heal Wounds


You were on level 3 of the Dungeon.
You were not hungry.

You visited 1 branch of the dungeon, and saw 3 of its levels.

You collected 197 gold pieces.

Inventory:

Hand Weapons
 a - a +0 long sword (weapon)
Armour
 b - a +0 scale mail (worn)
 c - a +0 shield (worn)
 u - a +0 pair of gloves of dexterity (worn)
 w - a +1 helmet (worn)
Jewellery
 s - a ring of poison resistance (left hand)
Scrolls
 e - 4 scrolls of remove curse
 i - a scroll of blinking {unknown}
 j - a scroll of identify {unknown}
 k - 3 scrolls of teleportation {unknown}
 l - a scroll of enchant weapon {unknown}
 o - a scroll of random uselessness {unknown}
 p - 2 scrolls of amnesia {unknown}
 t - a scroll of enchant armour {unknown}
Potions
 d - 2 potions of might
 g - 3 potions of haste {unknown}
 h - 2 potions of flight {unknown}
 m - 4 potions of curing {unknown}
 q - a potion of mutation {unknown}
 r - a potion of lignification {unknown}
Comestibles
 f - 2 bread rations
 n - a meat ration
 v - 2 chunks of flesh


   Skills:
 + Level 3.5 Fighting
 + Level 3.4 Long Blades
 + Level 4.0 Armour
 + Level 1.2 Dodging
 + Level 4.4 Shields


You had 4 spell levels left.
You didn't know any spells.

Dungeon Overview and Level Annotations

Branches:
Dungeon (3/15)

Altars:
Makhleb


Innate Abilities, Weirdness & Mutations

You are resistant to damage.
You can heal yourself by infusing magical energy.
You passively map a small area around you.
You do not regenerate.


Message History

You hit the orc.
The orc is moderately wounded.
You block the orc's attack.
An orc comes into view. It is wielding a trident.
You hit the orc.
The orc is almost dead.
You block the orc's attack.
The orc hits you from afar with a trident.
* * * LOW HITPOINT WARNING * * *
The orc hits you but does no damage.
You barely miss the orc.
The orc is almost dead.
The orc hits you but does no damage. You block the orc's attack.
You hit the orc but do no damage.
The orc is almost dead.
The orc hits you from afar with a trident.
* * * LOW HITPOINT WARNING * * *
The orc hits you but does no damage.
The orc hits you from afar with a trident.
You die...

####.##### #. #........ ...
, * #.##o...##.# *
#.#*....#.. , #<#*.o.... , ,
#.###...####. * , ,
#########.)..o....... ** *
#<.)......###o########
#.##.#.##.# #oo@.....# *
*#.##.#.##.# ########.#
,.....#.##.#### ##.## ,
##.####.......# #...# #.#*
#..#.##.# #..[#
#.........##.# #...#
,...####...##.######...#####
#...##.##...........#### ,
#...##..................


You could see 3 orcs.

Vanquished Creatures
  An orc wizard (D:3)
  Jessica (D:2)
  Robin (D:2)
  3 adders (D:2)
  4 oozes (D:2)
  4 worms
  A dart slug (D:1)
  2 leopard geckos (D:1)
  2 orcs (D:3)
  A giant cockroach (D:2)
  12 goblins
  6 hobgoblins
  3 jackals (D:2)
  8 kobolds
  A quokka (D:2)
  10 bats
  4 frilled lizards
  4 rats
68 creatures vanquished.

Notes
Turn   | Place    | Note
-------+----------+-------------------------------------------
     0 | D:1      | Peloso the Deep Dwarf Fighter began the quest for the Orb.
     0 | D:1      | Reached XP level 1. HP: 20/20 MP: 1/1
   141 | D:1      | Reached XP level 2. HP: 28/28 MP: 2/2
   677 | D:2      | Noticed Jessica
   682 | D:2      | Killed Jessica
   682 | D:2      | Reached XP level 3. HP: 31/34 MP: 3/3
   750 | D:2      | Reached XP level 4. HP: 31/42 MP: 4/4
   871 | D:2      | Found a burning altar of Makhleb.
  1003 | D:2      | Noticed Robin
  1023 | D:2      | Reached skill level 1 in Dodging
  1040 | D:2      | Killed Robin
  1149 | D:2      | Reached XP level 5. HP: 34/49 MP: 5/5
  1577 | D:3      | HP: 1/49 [orc/trident (5)]
  1577 | D:3      | Slain by an orc

Skill      XL: |  1  2  3  4  5 |
---------------+----------------+-----
Fighting       | 3 |  3.5
Shields        | 4 |  4.4
Dodging        | 1 |  1.2
Long Blades    | 3 |  3.4
Armour         | 4 |  4.0

Action                   |  1- 3 |  4- 6 || total
-------------------------+-------+-------++-------
Melee: Long sword        |    82 |   137 ||   219
 Abil: Heal Wounds       |       |     1 ||     1
  Use: Scroll            |       |     1 ||     1
  Eat: Chunk             |       |     3 ||     3
Armor: Scale mail        |    43 |    70 ||   113
Dodge: Dodged            |    31 |    63 ||    94
Block: Shield            |    47 |    86 ||   133
       Rpst.: Long sword |     9 |    23 ||    32
